Map: Pillars of Gold LE

Players

JonSnow

  • Race: Zerg Zerg
  • League: Master
  • Spawn Location: 7:00

Future - Winner!

  • Race: Terran Terran
  • Spawn Location: 1:00

Event: DreamHack SC2 Masters 2020 Summer North America

VOD

Have the link to the VOD?

Description

Time

  • Played on: July 4, 2020, 5:20 p.m.
  • Length: 11:52

All games in this series

Show
View Real Time Build Order
Export as new Build Order

JonSnow Zerg 

Build Orders: Hatch First 

Get SALT Encoding   

  12  0:00  Drone  
  13  0:12  Overlord  
  13  0:18  Drone  
  14  0:31  Drone x2  
  16  0:50  Hatchery  
  16  0:53  Drone  
  16  0:58  Drone  
  16  1:01  Drone  
  18  1:09  Extractor  
  17  1:17  Spawning Pool  
  16  1:21  Drone  
  16  1:24  Drone  
  18  1:28  Drone  
  19  1:39  Drone  
  20  1:50  Overlord  
  20  2:03  Queen x2  
  20  2:04  Zergling x2  
  20  2:05  Zergling x2  
  26  2:11  Zergling x2  
  27  2:16  Drone  
  28  2:32  Hatchery  
  27  2:42  Roach Warren  
  26  2:47  Overlord  
  26  2:51  Drone  
  26  3:08  Drone  
  27  3:23  Roach x6  
  38  3:30  Roach  
  38  3:33  Roach  
  42  3:39  Overlord  
  42  3:57  Drone x5  
  42  3:58  Drone  
  48  4:04  Ravager  
  48  4:05  Ravager  
  48  4:07  Queen  
  52  4:16  Ravager  
  52  4:18  Drone x3  
  55  4:25  Drone x3  
  54  4:38  Drone x6  
  54  4:40  Drone  
  48  4:46  Drone x3  
  48  4:48  Drone  
  48  4:49  Drone  
  51  4:56  Spore Crawler  
  51  4:59  Spore Crawler  
  49  5:00  Spore Crawler  
  49  5:02  Roach, Spore Crawler  
  51  5:07  Roach x2  
  51  5:11  Roach x2  
  57  5:18  Drone  
  57  5:19  Drone x2  
  58  5:28  Drone  
  58  5:29  Spore Crawler  
  58  5:32  Drone x2  
  58  5:33  Drone x3  
  57  5:39  Lair, Queen  
  57  5:42  Drone x2, Spore Crawler  
  58  5:59  Drone  
  58  6:03  Queen  
  58  6:04  Extractor x2  
  57  6:06  Drone x2  
  57  6:07  Drone x2  
  58  6:16  Overlord  
  58  6:20  Overlord x3  
  58  6:32  Overlord  
  58  6:34  Drone x5, Queen  
  58  6:35  Evolution Chamber x2  
  58  6:38  Overseer, Drone  
  58  6:39  Drone, Queen  
  65  6:43  Drone  
  65  6:44  Glial Reconstitution  
  69  6:47  Drone  
  69  6:48  Drone  
  69  6:50  Drone  
  69  6:51  Drone  
  69  6:52  Drone  
  73  6:55  Drone  
  73  7:00  Drone  
  73  7:01  Zerg Missile Weapons Level 1, Drone  
  76  7:03  Zerg Ground Armor Level 1  
  76  7:08  Drone  
  77  7:09  Extractor x2  
  77  7:15  Queen  
  77  7:17  Queen  
  79  7:25  Overlord  
  79  7:26  Drone x5  
  79  7:28  Drone  
  85  7:44  Hatchery  
  84  7:47  Extractor  
  84  7:48  Drone x5  
  84  7:53  Drone x2  
  83  8:09  Roach x4  
  83  8:10  Queen x2  
  83  8:12  Roach  
  97  8:14  Ravager  
  97  8:15  Ravager x2  
  100  8:24  Overlord x3  
  100  8:27  Spore Crawler  
  99  8:46  Pneumatized Carapace, Roach  
  99  8:47  Roach x3  
  99  8:48  Queen  
  101  8:56  Roach x2  
  105  9:03  Roach  
  105  9:06  Roach  
  105  9:07  Roach x2  
  113  9:12  Roach  
  113  9:16  Roach  
  117  9:19  Overlord  
  117  9:20  Overlord x2  
  117  9:24  Queen  
  117  9:25  Roach  
  119  9:32  Roach, Extractor  
  119  9:33  Roach x5  
  130  9:39  Overlord  
  130  9:42  Roach  
  130  9:43  Roach x3  
  139  9:55  Ravager  
  139  9:56  Ravager x6  
  146  10:02  Roach  
  146  10:03  Roach x3  
  148  10:16  Roach  
  148  10:17  Roach x7  
  158  10:27  Roach x3  
  162  10:32  Overlord x2  
  162  10:42  Overlord  
  162  10:46  Overseer  
  159  10:52  Roach x5  
  141  11:04  Roach x2  
  141  11:05  Roach  
  141  11:10  Roach x2  
  141  11:11  Roach x3, Queen  
  141  11:12  Queen x2  
  141  11:16  Roach  
  147  11:28  Hatchery, Roach  
Show
View Real Time Build Order
Export as new Build Order

Future Terran - Winner!

Build Orders: Gas First Reaper Expand, Hellion Banshee, Mech 

Get SALT Encoding   

  12  0:00  SCV  
  13  0:13  SCV  
  14  0:17  Supply Depot  
  14  0:25  SCV  
  15  0:28  Refinery  
  15  0:39  SCV  
  16  0:45  Barracks  
  16  0:51  SCV  
  17  1:03  SCV  
  18  1:15  SCV  
  19  1:32  Orbital Command, Reaper  
  20  1:45  Command Center  
  20  1:58  SCV  
  20  2:00  Factory  
  21  2:06  Barracks Reactor  
  21  2:10  SCV  
  21  2:13  Supply Depot  
  22  2:18  Refinery  
  22  2:22  SCV  
  23  2:34  SCV  
  24  2:46  Starport  
  24  2:48  SCV  
  25  2:52  Hellion x2  
  25  2:57  Orbital Command  
  29  3:00  SCV  
  29  3:01  Barracks Tech Lab  
  30  3:13  Hellion x2  
  30  3:19  SCV  
  35  3:25  SCV  
  36  3:29  Banshee  
  36  3:31  Cloaking Field  
  36  3:33  SCV  
  40  3:39  Supply Depot, SCV  
  41  3:44  Barracks Tech Lab  
  42  3:49  Hellion  
  42  3:52  Hellion  
  46  3:58  Bunker  
  46  4:01  Supply Depot  
  45  4:05  SCV x2  
  47  4:12  Banshee  
  50  4:17  SCV x2  
  50  4:21  Marine x2  
  52  4:32  SCV  
  52  4:35  SCV  
  50  4:38  Siege Tank  
  50  4:39  Marine  
  50  4:45  SCV  
  52  4:46  Marine  
  52  4:47  SCV  
  53  4:54  Supply Depot  
  53  4:55  Banshee  
  53  4:57  SCV  
  53  4:59  Hyperflight Rotors, SCV  
  58  5:05  Supply Depot  
  58  5:09  SCV  
  58  5:11  SCV  
  58  5:21  SCV  
  59  5:22  Command Center  
  59  5:23  SCV  
  60  5:33  SCV  
  59  5:35  SCV  
  59  5:38  Banshee  
  59  5:42  Refinery x2  
  63  5:45  SCV  
  63  5:47  SCV  
  63  5:55  Siege Tank  
  66  5:57  SCV  
  66  6:00  SCV  
  66  6:08  Marine  
  66  6:09  Marine, SCV  
  66  6:12  SCV  
  67  6:21  Banshee, SCV  
  67  6:24  SCV  
  72  6:28  Siege Tank, Supply Depot  
  77  6:33  SCV  
  77  6:34  Orbital Command  
  77  6:36  SCV  
  78  6:40  Factory  
  78  6:41  Factory  
  78  6:44  Engineering Bay  
  78  6:45  Supply Depot, SCV  
  78  6:48  SCV  
  78  6:51  Barracks Tech Lab  
  79  6:58  SCV  
  79  7:00  Orbital Command, SCV  
  81  7:06  Factory  
  81  7:07  Factory, Banshee  
  84  7:10  SCV  
  84  7:12  SCV  
  86  7:22  SCV  
  87  7:24  SCV  
  87  7:25  SCV  
  87  7:26  Refinery, Missile Turret  
  87  7:29  Refinery, Missile Turret  
  89  7:30  Missile Turret  
  89  7:34  SCV  
  89  7:36  SCV  
  88  7:37  SCV  
  88  7:39  Cyclone  
  92  7:46  SCV  
  92  7:48  SCV  
  92  7:49  SCV  
  95  7:52  Barracks Tech Lab  
  95  7:53  Factory Reactor, Factory Tech Lab  
  96  7:58  SCV  
  96  8:01  SCV x2  
  96  8:04  Supply Depot, Banshee  
  101  8:10  SCV  
  101  8:11  Cyclone x2, Supply Depot  
  108  8:13  SCV  
  109  8:20  Missile Turret  
  109  8:26  Cyclone, SCV, Hellion x2  
  117  8:31  Supply Depot  
  117  8:32  Supply Depot  
  121  8:34  Hellion x2  
  121  8:43  Armory  
  121  8:47  Cyclone  
  124  8:53  Cyclone, Hellion  
  129  8:57  Hellion  
  129  8:58  Cyclone, Hellion  
  129  9:00  Hellion  
  129  9:01  Mag-Field Accelerator  
  138  9:03  Infernal Pre-Igniter  
  138  9:10  Armory  
  138  9:15  Supply Depot  
  138  9:16  Supply Depot  
  138  9:17  Raven  
  138  9:20  Cyclone, Supply Depot  
  143  9:29  Hellion  
  146  9:31  Hellion x2  
  146  9:32  Hellion  
  146  9:37  Cyclone x2  
  154  9:40  Supply Depot x2, Terran Vehicle And Ship Armor Level 1  
  154  9:52  Cyclone  
  157  9:57  Terran Vehicle Weapons Level 1  
  157  10:00  Sensor Tower  
  157  10:09  Cyclone x2  
  157  10:16  Command Center  
  150  10:21  Hellion x2  
  150  10:23  Hellion  
  150  10:24  Cyclone  
  150  10:27  Hellion  
  159  10:35  Banshee  
  159  10:41  Cyclone  
  165  10:43  Siege Tank  
  167  10:56  Siege Tank  
  163  11:04  Hellion  
  151  11:07  Hellion  
  151  11:10  SCV x2  
  149  11:13  Siege Tank, Hellion  
  149  11:15  Cyclone  
  149  11:16  SCV  
  158  11:22  SCV  
Tags
 
Add a new tag
Caveats
  • Supply blocks, unpowered buildings, or Contaminate may cause inaccurate times.
  • Supply counts are checked every 10 seconds.